 Dungeon Crawl Stone Soup version 0.30-a0-576-g89cddaab80 (webtiles) character file.

Game seed: 12736625910274162429

100 Sabo the Covered (level 4, -19/40 HPs)
             Began as an Armataur Fighter on Dec 30, 2022.
             Killed from afar by a kobold (23 damage)
             ... with a bolt of light
             ... on level 2 of the Dungeon.
             The game lasted 00:09:14 (2328 turns).

Sabo the Covered (Armataur Fighter)                 Turns: 2328, Time: 00:09:15

Health: -19/40     AC:  9    Str: 24    XL:     4   Next: 47%
Magic:  4/4        EV:  5    Int:  8    God:
Gold:   87         SH:  4    Dex:  9    Spells: 3/3 levels left

rFire   + . .      SeeInvis .    a - +0 war axe
rCold   + . .      Faith    .    c - +0 buckler
rNeg    . . .      Spirit   .    k - +1 chain mail {rC+}
rPois   .          Reflect  .    (no helmet)
rElec   .          Harm     .    (no cloak)
rCorr   .          Roll     +    (no gloves)
Will    .....                    (no barding) Stlth
                                 (no amulet)
HPRegen 0.26/turn                g - ring of protection from fire
MPRegen 0.09/turn                (no ring)

@: no status effects
A: large, rugged brown scales 3, deformed body, armoured tail, roll, long
tongue, awkward tongue
a: no special abilities


You were on level 2 of the Dungeon.
You visited 1 branch of the dungeon, and saw 2 of its levels.

You collected 87 gold pieces.

Inventory:

Hand Weapons
 a - a +0 war axe (weapon)
 b - a +0 mace of holy wrath
 p - a +0 sling
Armour
 c - a +0 buckler (worn)
 k - a +1 chain mail of cold resistance (worn)
Jewellery
 g - a ring of protection from fire (left hand)
Scrolls
 h - a scroll of immolation {unknown}
 i - a scroll of poison {unknown}
 j - 2 scrolls of teleportation {unknown}
 n - a scroll of enchant weapon {unknown}
 o - a scroll of acquirement {unknown}
 q - a scroll of vulnerability {unknown}
 s - a scroll of magic mapping {unknown}
Potions
 d - a potion of might
 e - a potion of heal wounds {unknown}
 f - a potion of curing {unknown}
 l - a potion of mutation {unknown}
 m - 2 potions of magic {unknown}
 r - a potion of haste {unknown}
 t - a potion of flight {unknown}


   Skills:
 + Level 3.0 Fighting
 + Level 2.7 Axes
 + Level 4.6 Armour
 + Level 3.8 Shields


You had 3 spell levels left.
You didn't know any spells.
Your spell library was empty.

Dungeon Overview and Level Annotations

Branches:
Dungeon (2/15)

Altars:


Innate Abilities, Weirdness & Mutations

You are completely covered in rugged brown scales. (AC +3, +7% HP)
Armour fits poorly on your strangely shaped body.
You have a long armoured tail.
You roll when moving toward enemies. (Rampage)
Your long tongue fully drains potion bottles. (2x potion effects)
Your tongue gives you trouble enunciating. (1.5x scroll delay)


Message History

Found 8 stones and a dagger.
You start resting.
HP restored.
Found a stone staircase leading down.
There is a stone staircase leading down here.
An adder comes into view.
The adder hisses angrily.
The adder barely misses you.
You closely miss the adder. The adder barely misses you. x2
You slash the adder!
You tail-slap the adder, but do no damage.
The adder is almost dead.
You block the adder's attack.
You slash the adder!
You kill the adder!
You see here an adder corpse.
You see here an adder corpse.
A kobold comes into view.
It is wielding a +0 dagger and carrying a wand of light (8).
The kobold zaps a wand.
The bolt of light hits you but does no damage.
You are confused.
You bump into the rock wall.
You bump into the rock wall.
You feel less confused. The kobold barely misses you.
The kobold zaps a wand.
The bolt of light hits you!
You completely miss the kobold. You block the kobold's attack.
The kobold zaps a wand.
The bolt of light hits you!
You hit the kobold.
The kobold is moderately wounded.
The kobold zaps a wand.
The bolt of light hits you!
* * * LOW HITPOINT WARNING * * *
You closely miss the kobold.
The kobold is moderately wounded.
You block the kobold's attack.
You hit the kobold but do no damage.
Your tail-slap misses the kobold.
The kobold is moderately wounded.
The kobold zaps a wand.
The bolt of light hits you!!
Ouch! That really hurt!
You die...

####### #(...#.# #.#.#
#....#.# #.#.# #)...#.#
#####†#.# #....#.# #.....#.#
###########....#.###.#####.#
..........................>#
################.#########.#
###.####### #.# #.K@.......
..# #.#.####### #.# #.#.#
#.# # #.# ..# ##### #.# ..#
....# #.. ###.# #.# .<# #.#
..#


You could see a kobold.

Vanquished Creatures
  Terence (D:2)
  2 adders (D:2)
  A gnoll (D:1)
  A worm (D:2)
  2 dart slugs
  3 endoplasms
  3 goblins (D:1)
  4 hobgoblins (D:1)
  2 quokkas
  4 ball pythons
  10 bats
  3 frilled lizards (D:1)
  3 kobolds (D:1)
  4 rats
43 creatures vanquished.

Notes
Turn   | Place    | Note
-------+----------+-------------------------------------------
     0 | D:1      | Sabo the Armataur Fighter began the quest for the Orb.
     0 | D:1      | Reached XP level 1. HP: 19/19 MP: 1/1
   226 | D:1      | Reached skill level 4 in Armour
   226 | D:1      | Reached XP level 2. HP: 22/26 MP: 2/2
   979 | D:1      | Reached XP level 3. HP: 22/32 MP: 3/3
  1986 | D:2      | Noticed Terence
  1994 | D:2      | Killed Terence
  1995 | D:2      | Reached XP level 4. HP: 19/40 MP: 4/4
  2328 | D:2      | Killed from afar by a kobold

Illustrated notes

Levels and vault maps discovered:
D:1:      tarquinn_simple_flora_water_b, layout_basic,
          nicolae_concentric_dashed_squares_mild, hangedman_decor_push,
          st_stairs_5
D:2:      layout_basic, basic_altar, uniq_terence

Skill      XL: |  1  2  3 |
---------------+----------+-----
Armour         | 4 |  4.6
Axes           | 2 |  2.7
Fighting       | 3 |  3.0
Shields        | |  3.8

Action                   |  1- 3 |  4- 6 || total
-------------------------+-------+-------++-------
Melee: War axe           |    94 |    11 ||   105
       Tailslap          |     6 |     1 ||     7
Armor: Scale mail        |    12 |       ||    12
       Chain mail        |    47 |     3 ||    50
Dodge: Dodged            |    27 |     4 ||    31
Block: Buckler           |    33 |     3 ||    36

Table legend: (Time is in decaauts)
 A = Elapsed time spent in this place.
 B = Non-inter-level travel time spent in this place.
 C = Inter-level travel time spent in this place.
 D = Time resting spent in this place.
 E = Time spent auto-exploring this place.
 F = Levels seen in this place.
 G = Mean time per level.
                   A        B        C        D        E       F      G
               +--------+--------+--------+--------+--------+-----+--------+
         Total |   2371 |   2371 |      0 |    201 |      0 |   2 | 1185.5 |
       Dungeon |   2371 |   2371 |      0 |    201 |      0 |   2 | 1185.5 |
               +--------+--------+--------+--------+--------+-----+--------+

Top non-repeatable levels by time:
     D:1: 1607 daAuts
     D:2: 764 daAuts
